Flyers vs Canadiens

Created - 13 janvier 2021 at 21:14

Goals
1 2 3 OT1 SO T
Flyers 1 1 0 0 0 2
Canadiens 2 0 0 0 1 3
Shots
1 2 3 OT1 SO T
Flyers 11 11 4 3 3 29
Canadiens 10 11 7 5 3 33

1st period

1. Canadiens , Teuvo Teravainen 9 (Patrick Kane 28, Ivan Provorov 24) at 8:50
2. Flyers , Brendan Gallagher 15 (Jakub Voracek 20, Jamie Benn 26) at 8:56
3. Canadiens , Auston Matthews 16 (Patrick Kane 29) at 18:38

Penalties :
Mackenzie Blackwood (MTL) for Delaying the game (Minor) at 1:25 - David Krejci served the penalty., Rasmus Andersson (PHI) for Holding (Minor) at 14:08, Tyson Jost (MTL) for Slashing (Minor) at 16:23

2nd period

4. Flyers , William Nylander 12 (Paul Stastny 16) at 8:38

Penalties :
Auston Matthews (MTL) for Tripping (Minor) at 0:12, Pavel Francouz (PHI) for Delaying the game (Minor) at 2:56 - Jamie Benn served the penalty.

3rd period

No Goal

Penalties :
Auston Matthews (MTL) for Holding (Minor) at 18:10

Overtime #1

No Goal

Penalties :
No Penalty

Shootout

Flyers, Brendan Gallagher - Stopped by Mackenzie Blackwood
Canadiens, Jakob Silfverberg - Stopped by Pavel Francouz
Flyers, Tomas Tatar - Shot Misses the Net
Canadiens, Patrick Kane - Shot Misses the Net
Flyers, Jamie Benn - Stopped by Mackenzie Blackwood
Canadiens, Ilya Kovalchuk - Goal!

Penalties :
No Penalty

Goalie Stats

Pavel Francouz (PHI), 31 saves from 33 shots - (0,939), OTL, 19-13-3, 65:00 minutes
Mackenzie Blackwood (MTL), 27 saves from 29 shots - (0,931), W, 15-4-1, 65:00 minutes

Players Stats for Flyers

Player Name              G  A  P  +/- PIM S  H  SB GA TA FO     MP     PP MP  PK MP  
------------------------------------------------------------------------------------
Brendan Gallagher        1  0  1   1  0   2  1  0  0  0  1/1    19:12   3:24   0:00 
Jake Debrusk             0  0  0  -1  0   1  1  0  0  0  0/0    12:45   0:10   2:06 
Jakub Voracek            0  1  1   1  0   2  0  0  0  0  0/3    21:14   3:24   0:00 
Jamie Benn               0  1  1   1  0   2  0  0  0  0  14/23  21:19   3:24   0:00 
Joel Eriksson Ek         0  0  0  -1  0   1  1  1  0  0  7/15   12:45   0:10   2:06 
Johan Larsson            0  0  0  -1  0   0  1  0  0  0  6/12   11:06   0:00   1:52 
Jonas Brodin             0  0  0   0  0   0  1  2  0  0  0/0    21:50   0:10   0:55 
Nick Schmaltz            0  0  0  -1  0   1  0  0  0  0  0/1    11:09   0:40   0:00 
Nino Niederreiter        0  0  0  -1  0   1  0  2  0  0  0/1    11:06   0:00   1:52 
Noah Hanifin             0  0  0   1  0   0  3  0  0  0  0/0    20:18   4:35   0:33 
Paul Stastny             0  1  1   1  0   3  1  1  0  0  17/27  20:09   4:12   0:00 
Rasmus Andersson         0  0  0   1  2   0  3  0  0  0  0/0    19:01   3:11   0:51 
Robert Thomas            0  0  0  -1  0   0  0  0  0  0  0/0     9:14   0:00   0:00 
Ryan Graves              0  0  0  -1  0   0  1  0  0  0  0/0    17:13   0:00   1:43 
Tomas Tatar              0  0  0   1  0   1  2  0  0  0  1/2    16:57   4:12   0:00 
Victor Hedman            0  0  0   0  0   3  2  0  0  0  0/0    26:24   4:25   2:12 
Vince Dunn               0  0  0  -1  0   4  1  0  0  0  0/0    17:35   3:11   1:42 
William Nylander         1  0  1   1  0   8  1  0  0  0  1/3    21:54   3:42   0:00 

Players Stats for Canadiens

Player Name              G  A  P  +/- PIM S  H  SB GA TA FO     MP     PP MP  PK MP  
------------------------------------------------------------------------------------
Artturi Lehkonen         0  0  0   0  0   0  0  0  0  0  0/0    12:25   0:00   2:26 
Auston Matthews          1  0  1   1  4   4  2  0  0  0  19/34  22:29   1:52   0:00 
Cam Fowler               0  0  0  -1  0   2  3  1  0  0  0/0    26:33   1:52   4:13 
Colin White              0  0  0   0  0   0  0  0  0  0  6/10    9:59   0:00   0:00 
David Krejci             0  0  0  -1  0   0  0  0  0  0  10/22  17:49   2:06   0:00 
Ilya Kovalchuk           0  0  0  -1  0   2  3  0  0  0  0/0    17:46   2:06   0:00 
Ivan Provorov            0  1  1   0  0   3  1  2  0  0  0/0    25:06   1:52   3:43 
Jakob Silfverberg        0  0  0  -1  0   5  0  1  0  0  0/3    21:42   2:06   1:58 
Josh Morrissey           0  0  0   0  0   0  0  3  0  0  0/0    22:24   2:06   3:43 
Karl Alzner              0  0  0   1  0   1  2  0  0  0  0/0    13:04   0:00   0:00 
Loui Eriksson            0  0  0   0  0   0  0  0  0  0  0/1     9:27   0:00   4:40 
Nate Schmidt             0  0  0  -1  0   0  1  0  0  0  0/0    23:58   2:06   4:13 
Nick Shore               0  0  0   0  0   1  1  1  0  0  6/13    9:38   0:00   4:51 
Patrick Kane             0  2  2   1  0   7  2  0  0  0  0/0    22:31   1:52   0:00 
Teuvo Teravainen         1  0  1   1  0   5  0  0  0  0  0/4    21:40   1:52   0:00 
Travis Sanheim           0  0  0   1  0   1  0  0  0  0  0/0    14:05   0:00   0:00 
Tyson Jost               0  0  0   0  2   1  0  0  0  0  0/0     4:46   0:00   0:00 
Valeri Nichushkin        0  0  0   0  0   1  0  0  0  0  0/1    11:49   0:00   1:47 

3 Stars

1 - Patrick Kane (MTL)
2 - Teuvo Teravainen (MTL)
3 - Pavel Francouz (PHI)

Power Play

Flyers - 0 on 4 Attempt(s) - 0,00%
Canadiens - 0 on 2 Attempt(s) - 0,00%

Penalty Kill

Flyers - 2 on 2 Attempt(s) - 100,00% - Score 0 goal in Penalty Kill
Canadiens - 4 on 4 Attempt(s) - 100,00% - Score 0 goal in Penalty Kill

Team Stat

Flyers - Hits : 19 - Faceoff Wins : 47 - Blocked Shots : 6 - Penalty Minutes : 4
Canadiens - Hits : 15 - Faceoff Wins : 41 - Blocked Shots : 8 - Penalty Minutes : 8

Official

Referees : Mike Sheehan and Brandon Schrader
Linesman : Brian Mach and Kyle Flemington

Game Notes

No Game Note

Finance

Level 1 -- Attendance: 6121 (94,17%) -- Ticket Income 734 520 $
Level 2 -- Attendance: 4455 (89,10%) -- Ticket Income 378 675 $
Level 3 -- Attendance: 3473 (99,23%) -- Ticket Income 225 745 $
Level 4 -- Attendance: 3014 (57,01%) -- Ticket Income 60 280 $
Luxury Box -- Attendance: 1000 (100,00%) -- Ticket Income 220 000 $
Game was played at the Bell Centre.
Total Attendance: 18063 (84,85%)
Total Ticket Income: 1 619 220 $
Other Income: 793 418 $
Total Income: 2 412 638 $

% Time on Ice - Flyers

Lines # - Real PCT - Wanted PCT - Time Play
Normal Forward
1 - 33% - 40% - 15:48
2 - 26% - 40% - 12:45
3 - 22% - 15% - 10:29
4 - 19% - 5% - 9:14
Normal Defense
1 - 28% - 35% - 13:35
2 - 31% - 35% - 15:00
3 - 32% - 20% - 15:30
4 - 9% - 10% - 4:11
PP Forward
1 - 44% - 55% - 3:24
2 - 56% - 45% - 4:22
PP Defense
1 - 59% - 55% - 4:35
2 - 41% - 45% - 3:11
PK Forward
1 - 53% - 50% - 2:06
2 - 47% - 50% - 1:52
PK Defense
1 - 57% - 50% - 2:16
2 - 43% - 50% - 1:42
PK3 Forward
1 - 0% - 50%
2 - 0% - 50%
PK3 Defense
1 - 0% - 50%
2 - 0% - 50%
44 Forward
1 - 100% - 50% - 0:10
2 - 0% - 50% - 0:00
44 Defense
1 - 100% - 50% - 0:10
2 - 0% - 50% - 0:00
Last Minute Offensive  - 0:00
Last Minute Defensive  - 0:00
Total
Forward - 60:10
Defense - 60:10

% Time on Ice - Canadiens

Lines # - Real PCT - Wanted PCT - Time Play
Normal Forward
1 - 37% - 40% - 17:50
2 - 32% - 30% - 15:40
3 - 21% - 20% - 9:59
4 - 10% - 10% - 4:47
Normal Defense
1 - 37% - 38% - 17:39
2 - 34% - 37% - 16:32
3 - 15% - 13% - 7:08
4 - 14% - 12% - 6:57
PP Forward
1 - 47% - 60% - 1:52
2 - 53% - 40% - 2:06
PP Defense
1 - 47% - 50% - 1:52
2 - 53% - 50% - 2:06
PK Forward
1 - 72% - 60% - 5:37
2 - 28% - 40% - 2:09
PK Defense
1 - 52% - 50% - 4:04
2 - 48% - 50% - 3:42
PK3 Forward
1 - 100% - 60% - 0:10
2 - 0% - 40% - 0:00
PK3 Defense
1 - 90% - 50% - 0:09
2 - 10% - 50% - 0:01
44 Forward
1 - 0% - 60%
2 - 0% - 40%
44 Defense
1 - 0% - 60%
2 - 0% - 40%
Last Minute Offensive  - 0:00
Last Minute Defensive  - 0:00
Total
Forward - 60:10
Defense - 60:10

Play-by-Play

1st period


0:01 of 1st period - Jamie Benn wins face-off versus Auston Matthews in neutral zone.
0:05 of 1st period - Icing by Cam Fowler.
0:06 of 1st period - Paul Stastny wins face-off versus Auston Matthews in Canadiens zone.
0:16 of 1st period - Off-side.
0:17 of 1st period - David Krejci wins face-off versus Joel Eriksson Ek in neutral zone.
1:25 of 1st period - Shot by Brendan Gallagher.
1:25 of 1st period - Deflect By Jakub Voracek.
1:25 of 1st period - Stopped by Mackenzie Blackwood without a rebound.
1:25 of 1st period - Minor Penalty to Mackenzie Blackwood for Delaying the game.
1:26 of 1st period - Paul Stastny wins face-off versus Loui Eriksson in Canadiens zone.
1:35 of 1st period - Shot by William Nylander.
1:35 of 1st period - Stopped by Mackenzie Blackwood without a rebound.
1:36 of 1st period - Nick Shore wins face-off versus Jamie Benn in Canadiens zone.
3:19 of 1st period - Off-side.
3:20 of 1st period - Paul Stastny wins face-off versus Jakob Silfverberg in neutral zone.
3:47 of 1st period - Shot by Patrick Kane.
3:47 of 1st period - Shot Blocked by Nino Niederreiter.
3:49 of 1st period - Shot by Teuvo Teravainen.
3:49 of 1st period - Stopped by Pavel Francouz without a rebound.
3:50 of 1st period - Joel Eriksson Ek wins face-off versus Colin White in Flyers zone.
4:03 of 1st period - Shot by Colin White.
4:03 of 1st period - Shot Blocked by Joel Eriksson Ek.
4:30 of 1st period - Off-side.
4:31 of 1st period - Auston Matthews wins face-off versus Paul Stastny in neutral zone.
4:34 of 1st period - Shot by Teuvo Teravainen.
4:34 of 1st period - Shot Misses the Net.
4:36 of 1st period - Shot by Auston Matthews.
4:36 of 1st period - Shot Blocked by Paul Stastny.
4:38 of 1st period - Shot by Auston Matthews.
4:38 of 1st period - Shot Misses the Net.
4:43 of 1st period - Patrick Kane is hit by Ryan Graves and loses puck.
5:11 of 1st period - Icing by Travis Sanheim.
5:12 of 1st period - Jamie Benn wins face-off versus Auston Matthews in Canadiens zone.
5:22 of 1st period - Brendan Gallagher is hit by Karl Alzner and loses puck.
5:36 of 1st period - Victor Hedman is hit by Auston Matthews and loses puck.
7:05 of 1st period - Ivan Provorov is hit by Vince Dunn and loses puck.
7:20 of 1st period - Colin White is hit by Tomas Tatar and loses puck.
7:48 of 1st period - Icing by Nick Shore.
7:49 of 1st period - Jamie Benn wins face-off versus Nick Shore in Canadiens zone.
7:50 of 1st period - Shot by Brendan Gallagher.
7:50 of 1st period - Shot Misses the Net.
8:03 of 1st period - Icing by Cam Fowler.
8:04 of 1st period - Johan Larsson wins face-off versus Nick Shore in Canadiens zone.
8:48 of 1st period - Shot by Patrick Kane.
8:48 of 1st period - Shot Misses the Net.
8:50 of 1st period - Shot by Teuvo Teravainen.
8:50 of 1st period - Goal by Teuvo Teravainen - Flyers : 0 - Canadiens : 1.
8:51 of 1st period - Jamie Benn wins face-off versus David Krejci in neutral zone.
8:56 of 1st period - Shot by Brendan Gallagher.
8:56 of 1st period - Goal by Brendan Gallagher - Flyers : 1 - Canadiens : 1.
8:57 of 1st period - Auston Matthews wins face-off versus Jamie Benn in neutral zone.
9:06 of 1st period - Shot by Patrick Kane.
9:06 of 1st period - Deflect By Auston Matthews.
9:06 of 1st period - Stopped by Pavel Francouz with a rebound.
9:12 of 1st period - Shot by Brendan Gallagher.
9:12 of 1st period - Deflect By Jamie Benn.
9:12 of 1st period - Stopped by Mackenzie Blackwood without a rebound.
9:13 of 1st period - Paul Stastny wins face-off versus David Krejci in Canadiens zone.
9:17 of 1st period - William Nylander is hit by Ivan Provorov and loses puck.
9:44 of 1st period - Shot by Jakob Silfverberg.
9:44 of 1st period - Stopped by Pavel Francouz without a rebound.
9:45 of 1st period - Jamie Benn wins face-off versus Auston Matthews in Flyers zone.
9:50 of 1st period - Noah Hanifin is hit by Auston Matthews and loses puck.
10:42 of 1st period - Icing by Nick Schmaltz.
10:43 of 1st period - Joel Eriksson Ek wins face-off versus Colin White in Flyers zone.
10:53 of 1st period - Icing by Artturi Lehkonen.
10:54 of 1st period - Colin White wins face-off versus Paul Stastny in Canadiens zone.
11:06 of 1st period - Icing by Paul Stastny.
11:07 of 1st period - Paul Stastny wins face-off versus David Krejci in Flyers zone.
11:09 of 1st period - Icing by William Nylander.
11:10 of 1st period - Paul Stastny wins face-off versus David Krejci in Flyers zone.
11:48 of 1st period - Off-side.
11:49 of 1st period - Jamie Benn wins face-off versus Auston Matthews in neutral zone.
12:50 of 1st period - Icing by Karl Alzner.
12:51 of 1st period - Colin White wins face-off versus Paul Stastny in Canadiens zone.
12:55 of 1st period - Icing by Valeri Nichushkin.
12:56 of 1st period - Paul Stastny wins face-off versus Valeri Nichushkin in Canadiens zone.
13:06 of 1st period - Artturi Lehkonen is hit by Rasmus Andersson and loses puck.
13:17 of 1st period - Shot by William Nylander.
13:17 of 1st period - Stopped by Mackenzie Blackwood without a rebound.
13:18 of 1st period - Joel Eriksson Ek wins face-off versus David Krejci in Canadiens zone.
13:27 of 1st period - Shot by Jake Debrusk.
13:27 of 1st period - Shot Misses the Net.
13:38 of 1st period - Nate Schmidt is hit by Joel Eriksson Ek and loses puck.
13:49 of 1st period - Shot by Jakob Silfverberg.
13:49 of 1st period - Shot Misses the Net.
13:53 of 1st period - Shot by Jakob Silfverberg.
13:53 of 1st period - Stopped by Pavel Francouz without a rebound.
13:54 of 1st period - Paul Stastny wins face-off versus Auston Matthews in Flyers zone.
13:54 of 1st period - Paul Stastny is hit by Patrick Kane.
14:08 of 1st period - Minor Penalty to Rasmus Andersson for Holding.
14:09 of 1st period - Johan Larsson wins face-off versus Auston Matthews in Flyers zone.
14:42 of 1st period - Shot by Ivan Provorov.
14:42 of 1st period - Stopped by Pavel Francouz without a rebound.
14:43 of 1st period - Joel Eriksson Ek wins face-off versus David Krejci in Flyers zone.
14:43 of 1st period - Joel Eriksson Ek is hit by Ilya Kovalchuk.
16:14 of 1st period - Shot by Valeri Nichushkin.
16:14 of 1st period - Shot Misses the Net.
16:16 of 1st period - Shot by Travis Sanheim.
16:16 of 1st period - Stopped by Pavel Francouz without a rebound.
16:17 of 1st period - Nick Shore wins face-off versus Paul Stastny in Flyers zone.
16:23 of 1st period - Minor Penalty to Tyson Jost for Slashing.
16:24 of 1st period - Jamie Benn wins face-off versus Nick Shore in Canadiens zone.
16:27 of 1st period - Shot by Brendan Gallagher.
16:27 of 1st period - Shot Blocked by Josh Morrissey.
16:29 of 1st period - Shot by Jakub Voracek.
16:29 of 1st period - Shot Misses the Net.
16:31 of 1st period - Shot by Vince Dunn.
16:31 of 1st period - Stopped by Mackenzie Blackwood with a rebound.
16:44 of 1st period - Shot by Vince Dunn.
16:44 of 1st period - Shot Misses the Net.
16:46 of 1st period - Shot by Vince Dunn.
16:46 of 1st period - Stopped by Mackenzie Blackwood with a rebound.
16:48 of 1st period - Shot by Vince Dunn.
16:48 of 1st period - Shot Misses the Net.
16:50 of 1st period - Shot by Vince Dunn.
16:50 of 1st period - Stopped by Mackenzie Blackwood without a rebound.
16:51 of 1st period - Paul Stastny wins face-off versus Nick Shore in Canadiens zone.
16:52 of 1st period - Shot by Victor Hedman.
16:52 of 1st period - Stopped by Mackenzie Blackwood with a rebound.
17:20 of 1st period - Shot by Victor Hedman.
17:20 of 1st period - Shot Misses the Net.
17:32 of 1st period - Cam Fowler is hit by Paul Stastny and loses puck.
18:32 of 1st period - Shot by Auston Matthews.
18:32 of 1st period - Stopped by Pavel Francouz with a rebound.
18:34 of 1st period - Shot by Karl Alzner.
18:34 of 1st period - Stopped by Pavel Francouz without a rebound.
18:35 of 1st period - Auston Matthews wins face-off versus Joel Eriksson Ek in Flyers zone.
18:38 of 1st period - Shot by Auston Matthews.
18:38 of 1st period - Goal by Auston Matthews - Flyers : 1 - Canadiens : 2.
18:39 of 1st period - Jamie Benn wins face-off versus Auston Matthews in neutral zone.
18:50 of 1st period - Shot by Jakub Voracek.
18:50 of 1st period - Shot Misses the Net.
18:52 of 1st period - Shot by Brendan Gallagher.
18:52 of 1st period - Stopped by Mackenzie Blackwood without a rebound.
18:53 of 1st period - David Krejci wins face-off versus Joel Eriksson Ek in Canadiens zone.
18:53 of 1st period - David Krejci is hit by Jake Debrusk.
19:01 of 1st period - Shot by Jake Debrusk.
19:01 of 1st period - Stopped by Mackenzie Blackwood without a rebound.
19:02 of 1st period - Jamie Benn wins face-off versus Auston Matthews in Canadiens zone.
19:36 of 1st period - Shot by Jakub Voracek.
19:36 of 1st period - Shot Misses the Net.
19:38 of 1st period - Shot by Vince Dunn.
19:38 of 1st period - Shot Misses the Net.
Goals for this period are 1 for Flyers vs 2 for Canadiens.
Shots for this period are 11 for Flyers vs 10 for Canadiens.

2nd period


0:01 of 2nd period - Auston Matthews wins face-off versus Paul Stastny in neutral zone.
0:06 of 2nd period - Shot by Patrick Kane.
0:06 of 2nd period - Stopped by Pavel Francouz without a rebound.
0:07 of 2nd period - Paul Stastny wins face-off versus Teuvo Teravainen in Flyers zone.
0:07 of 2nd period - Paul Stastny is hit by Patrick Kane.
0:12 of 2nd period - Minor Penalty to Auston Matthews for Tripping.
0:13 of 2nd period - Jamie Benn wins face-off versus Nick Shore in Canadiens zone.
0:14 of 2nd period - Shot by Victor Hedman.
0:14 of 2nd period - Stopped by Mackenzie Blackwood with a rebound.
0:26 of 2nd period - Shot by Victor Hedman.
0:26 of 2nd period - Shot Misses the Net.
0:28 of 2nd period - Shot by Victor Hedman.
0:28 of 2nd period - Shot Blocked by Cam Fowler.
0:30 of 2nd period - Shot by Victor Hedman.
0:30 of 2nd period - Stopped by Mackenzie Blackwood with a rebound.
0:32 of 2nd period - Shot by Victor Hedman.
0:32 of 2nd period - Shot Misses the Net.
0:43 of 2nd period - Icing by Noah Hanifin.
0:44 of 2nd period - Jamie Benn wins face-off versus Nick Shore in Flyers zone.
1:23 of 2nd period - Nate Schmidt is hit by William Nylander and loses puck.
1:46 of 2nd period - Valeri Nichushkin is hit by Tomas Tatar and loses puck.
1:58 of 2nd period - Icing by Vince Dunn.
1:59 of 2nd period - Nick Shore wins face-off versus Paul Stastny in Flyers zone.
2:23 of 2nd period - Patrick Kane is hit by Victor Hedman.
2:29 of 2nd period - Shot by Patrick Kane.
2:29 of 2nd period - Stopped by Pavel Francouz without a rebound.
2:30 of 2nd period - David Krejci wins face-off versus Jamie Benn in Flyers zone.
2:30 of 2nd period - Ilya Kovalchuk is hit by Jonas Brodin and loses puck.
2:37 of 2nd period - Shot by Jakob Silfverberg.
2:37 of 2nd period - Shot Misses the Net.
2:56 of 2nd period - Shot by Jakob Silfverberg.
2:56 of 2nd period - Stopped by Pavel Francouz without a rebound.
2:56 of 2nd period - Minor Penalty to Pavel Francouz for Delaying the game.
2:57 of 2nd period - Auston Matthews wins face-off versus Joel Eriksson Ek in Flyers zone.
3:00 of 2nd period - Shot by Patrick Kane.
3:00 of 2nd period - Shot Misses the Net.
3:09 of 2nd period - Shot by Cam Fowler.
3:09 of 2nd period - Shot Misses the Net.
3:19 of 2nd period - Shot by Cam Fowler.
3:19 of 2nd period - Stopped by Pavel Francouz with a rebound.
3:21 of 2nd period - Shot by Cam Fowler.
3:21 of 2nd period - Stopped by Pavel Francouz without a rebound.
3:22 of 2nd period - David Krejci wins face-off versus Johan Larsson in Flyers zone.
3:23 of 2nd period - Shot by Ilya Kovalchuk.
3:23 of 2nd period - Stopped by Pavel Francouz without a rebound.
3:24 of 2nd period - Johan Larsson wins face-off versus David Krejci in Flyers zone.
4:20 of 2nd period - Victor Hedman is hit by Ilya Kovalchuk and loses puck.
5:52 of 2nd period - Shot by Tyson Jost.
5:52 of 2nd period - Stopped by Pavel Francouz without a rebound.
5:53 of 2nd period - Auston Matthews wins face-off versus Johan Larsson in Flyers zone.
6:34 of 2nd period - Off-side.
6:35 of 2nd period - Brendan Gallagher wins face-off versus David Krejci in neutral zone.
6:50 of 2nd period - Shot by Brendan Gallagher.
6:50 of 2nd period - Shot Misses the Net.
7:36 of 2nd period - Shot by William Nylander.
7:36 of 2nd period - Stopped by Mackenzie Blackwood with a rebound.
7:50 of 2nd period - Shot by William Nylander.
7:50 of 2nd period - Shot Blocked by Josh Morrissey.
7:54 of 2nd period - Shot by Tomas Tatar.
7:54 of 2nd period - Shot Misses the Net.
7:56 of 2nd period - Shot by Paul Stastny.
7:56 of 2nd period - Stopped by Mackenzie Blackwood without a rebound.
7:57 of 2nd period - Auston Matthews wins face-off versus Joel Eriksson Ek in Canadiens zone.
8:16 of 2nd period - Shot by Vince Dunn.
8:16 of 2nd period - Stopped by Mackenzie Blackwood without a rebound.
8:17 of 2nd period - Colin White wins face-off versus Johan Larsson in Canadiens zone.
8:34 of 2nd period - Off-side.
8:35 of 2nd period - Paul Stastny wins face-off versus Teuvo Teravainen in neutral zone.
8:38 of 2nd period - Shot by William Nylander.
8:38 of 2nd period - Goal by William Nylander - Flyers : 2 - Canadiens : 2.
8:39 of 2nd period - Auston Matthews wins face-off versus Paul Stastny in neutral zone.
9:03 of 2nd period - Shot by Patrick Kane.
9:03 of 2nd period - Stopped by Pavel Francouz with a rebound.
9:43 of 2nd period - Shot by Valeri Nichushkin.
9:43 of 2nd period - Stopped by Pavel Francouz without a rebound.
9:44 of 2nd period - David Krejci wins face-off versus Jakub Voracek in Flyers zone.
9:53 of 2nd period - Shot by David Krejci.
9:53 of 2nd period - Shot Misses the Net.
9:55 of 2nd period - Shot by Ilya Kovalchuk.
9:55 of 2nd period - Shot Misses the Net.
9:57 of 2nd period - Shot by Jakob Silfverberg.
9:57 of 2nd period - Shot Misses the Net.
9:59 of 2nd period - Shot by Jakob Silfverberg.
9:59 of 2nd period - Shot Hit the Post.
10:48 of 2nd period - Off-side.
10:49 of 2nd period - Auston Matthews wins face-off versus Joel Eriksson Ek in neutral zone.
12:08 of 2nd period - Nick Shore is hit by Johan Larsson and loses puck.
12:27 of 2nd period - Off-side.
12:28 of 2nd period - David Krejci wins face-off versus Tomas Tatar in neutral zone.
12:33 of 2nd period - Shot by Jakob Silfverberg.
12:33 of 2nd period - Stopped by Pavel Francouz without a rebound.
12:34 of 2nd period - Paul Stastny wins face-off versus Jakob Silfverberg in Flyers zone.
12:45 of 2nd period - Shot by William Nylander.
12:45 of 2nd period - Stopped by Mackenzie Blackwood without a rebound.
12:46 of 2nd period - Auston Matthews wins face-off versus Jamie Benn in Canadiens zone.
12:50 of 2nd period - Off-side.
12:51 of 2nd period - Paul Stastny wins face-off versus Auston Matthews in neutral zone.
13:30 of 2nd period - Shot by William Nylander.
13:30 of 2nd period - Stopped by Mackenzie Blackwood without a rebound.
13:31 of 2nd period - Jamie Benn wins face-off versus David Krejci in Canadiens zone.
13:48 of 2nd period - Jamie Benn is hit by Ilya Kovalchuk and loses puck.
14:03 of 2nd period - Shot by Jakob Silfverberg.
14:03 of 2nd period - Stopped by Pavel Francouz without a rebound.
14:04 of 2nd period - Joel Eriksson Ek wins face-off versus Colin White in Flyers zone.
14:25 of 2nd period - Shot by Nick Schmaltz.
14:25 of 2nd period - Stopped by Mackenzie Blackwood without a rebound.
14:26 of 2nd period - Paul Stastny wins face-off versus Auston Matthews in Canadiens zone.
14:28 of 2nd period - Tomas Tatar is hit by Cam Fowler and loses puck.
15:45 of 2nd period - Shot by Jakub Voracek.
15:45 of 2nd period - Shot Blocked by Josh Morrissey.
15:59 of 2nd period - Shot by Jakub Voracek.
15:59 of 2nd period - Shot Misses the Net.
16:12 of 2nd period - Icing by Ivan Provorov.
16:13 of 2nd period - David Krejci wins face-off versus Joel Eriksson Ek in Canadiens zone.
16:30 of 2nd period - Shot by Joel Eriksson Ek.
16:30 of 2nd period - Stopped by Mackenzie Blackwood without a rebound.
16:31 of 2nd period - Johan Larsson wins face-off versus Auston Matthews in Canadiens zone.
17:42 of 2nd period - Rasmus Andersson is hit by Karl Alzner and loses puck.
18:26 of 2nd period - Icing by Valeri Nichushkin.
18:27 of 2nd period - Joel Eriksson Ek wins face-off versus Colin White in Canadiens zone.
19:32 of 2nd period - Shot by Robert Thomas.
19:32 of 2nd period - Deflect By Nino Niederreiter.
19:32 of 2nd period - Stopped by Mackenzie Blackwood without a rebound.
19:33 of 2nd period - Paul Stastny wins face-off versus David Krejci in Canadiens zone.
19:33 of 2nd period - Noah Hanifin is hit by Cam Fowler and loses puck.
19:54 of 2nd period - William Nylander is hit by Nate Schmidt.
Goals for this period are 1 for Flyers vs 0 for Canadiens.
Shots for this period are 11 for Flyers vs 11 for Canadiens.

3rd period


0:01 of 3rd period - Auston Matthews wins face-off versus Jamie Benn in neutral zone.
0:20 of 3rd period - Shot by Jakub Voracek.
0:20 of 3rd period - Stopped by Mackenzie Blackwood without a rebound.
0:21 of 3rd period - Tomas Tatar wins face-off versus David Krejci in Canadiens zone.
0:32 of 3rd period - Shot by Tomas Tatar.
0:32 of 3rd period - Deflect By William Nylander.
0:32 of 3rd period - Shot Hit the Post.
0:35 of 3rd period - Icing by Cam Fowler.
0:36 of 3rd period - David Krejci wins face-off versus Jakub Voracek in Canadiens zone.
1:55 of 3rd period - Shot by Paul Stastny.
1:55 of 3rd period - Stopped by Mackenzie Blackwood without a rebound.
1:56 of 3rd period - Nick Shore wins face-off versus Nick Schmaltz in Canadiens zone.
2:56 of 3rd period - Icing by Josh Morrissey.
2:57 of 3rd period - Auston Matthews wins face-off versus Paul Stastny in Canadiens zone.
3:06 of 3rd period - Shot by Paul Stastny.
3:06 of 3rd period - Shot Misses the Net.
4:36 of 3rd period - Icing by Vince Dunn.
4:37 of 3rd period - David Krejci wins face-off versus Johan Larsson in Flyers zone.
4:59 of 3rd period - Shot by Jakob Silfverberg.
4:59 of 3rd period - Shot Misses the Net.
5:43 of 3rd period - Shot by Tomas Tatar.
5:43 of 3rd period - Stopped by Mackenzie Blackwood without a rebound.
5:44 of 3rd period - Colin White wins face-off versus Jakub Voracek in Canadiens zone.
7:09 of 3rd period - Jakob Silfverberg is hit by Victor Hedman and loses puck.
7:30 of 3rd period - Shot by Jakob Silfverberg.
7:30 of 3rd period - Shot Misses the Net.
8:28 of 3rd period - Ivan Provorov is hit by Brendan Gallagher and loses puck.
10:01 of 3rd period - Shot by William Nylander.
10:01 of 3rd period - Stopped by Mackenzie Blackwood without a rebound.
10:02 of 3rd period - Joel Eriksson Ek wins face-off versus Auston Matthews in Canadiens zone.
10:03 of 3rd period - Shot by Nick Schmaltz.
10:03 of 3rd period - Shot Misses the Net.
10:32 of 3rd period - Shot by Patrick Kane.
10:32 of 3rd period - Stopped by Pavel Francouz without a rebound.
10:33 of 3rd period - Colin White wins face-off versus Nino Niederreiter in Flyers zone.
10:33 of 3rd period - Colin White is hit by Noah Hanifin.
10:43 of 3rd period - Shot by Ivan Provorov.
10:43 of 3rd period - Stopped by Pavel Francouz with a rebound.
11:03 of 3rd period - Shot by Ivan Provorov.
11:03 of 3rd period - Shot Misses the Net.
11:05 of 3rd period - Shot by Valeri Nichushkin.
11:05 of 3rd period - Shot Misses the Net.
11:10 of 3rd period - Colin White is hit by Noah Hanifin and loses puck.
12:15 of 3rd period - William Nylander is hit by Cam Fowler and loses puck.
12:22 of 3rd period - Shot by Paul Stastny.
12:22 of 3rd period - Shot Misses the Net.
12:52 of 3rd period - Shot by Joel Eriksson Ek.
12:52 of 3rd period - Shot Blocked by Nick Shore.
13:46 of 3rd period - Icing by William Nylander.
13:47 of 3rd period - David Krejci wins face-off versus Joel Eriksson Ek in Flyers zone.
14:10 of 3rd period - Shot by Jakob Silfverberg.
14:10 of 3rd period - Shot Misses the Net.
14:43 of 3rd period - Shot by Auston Matthews.
14:43 of 3rd period - Stopped by Pavel Francouz with a rebound.
14:45 of 3rd period - Shot by Ivan Provorov.
14:45 of 3rd period - Shot Misses the Net.
15:22 of 3rd period - Off-side.
15:23 of 3rd period - Nick Shore wins face-off versus Johan Larsson in neutral zone.
15:31 of 3rd period - Johan Larsson is hit by Nick Shore.
15:37 of 3rd period - Shot by Nick Shore.
15:37 of 3rd period - Stopped by Pavel Francouz without a rebound.
15:38 of 3rd period - Johan Larsson wins face-off versus David Krejci in Flyers zone.
16:07 of 3rd period - Shot by Nino Niederreiter.
16:07 of 3rd period - Shot Hit the Post.
16:14 of 3rd period - Icing by Jonas Brodin.
16:15 of 3rd period - Auston Matthews wins face-off versus Johan Larsson in Flyers zone.
16:24 of 3rd period - Shot by Patrick Kane.
16:24 of 3rd period - Shot Misses the Net.
16:26 of 3rd period - Shot by Ivan Provorov.
16:26 of 3rd period - Stopped by Pavel Francouz without a rebound.
16:27 of 3rd period - Colin White wins face-off versus Jamie Benn in Flyers zone.
16:35 of 3rd period - Colin White is hit by Rasmus Andersson and loses puck.
16:50 of 3rd period - Valeri Nichushkin is hit by Noah Hanifin.
17:03 of 3rd period - Icing by Noah Hanifin.
17:04 of 3rd period - Auston Matthews wins face-off versus Jamie Benn in Flyers zone.
17:12 of 3rd period - Auston Matthews is hit by Rasmus Andersson and loses puck.
17:17 of 3rd period - Shot by Josh Morrissey.
17:17 of 3rd period - Shot Misses the Net.
17:19 of 3rd period - Shot by Teuvo Teravainen.
17:19 of 3rd period - Stopped by Pavel Francouz without a rebound.
17:20 of 3rd period - Johan Larsson wins face-off versus Jakob Silfverberg in Flyers zone.
17:29 of 3rd period - Shot by David Krejci.
17:29 of 3rd period - Shot Blocked by Jonas Brodin.
17:31 of 3rd period - Shot by Cam Fowler.
17:31 of 3rd period - Shot Misses the Net.
17:33 of 3rd period - Shot by Ilya Kovalchuk.
17:33 of 3rd period - Stopped by Pavel Francouz with a rebound.
17:35 of 3rd period - Shot by Jakob Silfverberg.
17:35 of 3rd period - Shot Misses the Net.
17:37 of 3rd period - Shot by David Krejci.
17:37 of 3rd period - Shot Blocked by Nino Niederreiter.
18:10 of 3rd period - Minor Penalty to Auston Matthews for Holding.
18:11 of 3rd period - Nick Shore wins face-off versus Jamie Benn in Canadiens zone.
Goals for this period are 0 for Flyers vs 0 for Canadiens.
Shots for this period are 4 for Flyers vs 7 for Canadiens.

Overtime #1


0:01 of 1st overtime period - Jamie Benn wins face-off versus Nick Shore in neutral zone.
0:13 of 1st overtime period - Icing by Jakub Voracek.
0:14 of 1st overtime period - Auston Matthews wins face-off versus Jamie Benn in Flyers zone.
0:35 of 1st overtime period - Shot by Jakub Voracek.
0:35 of 1st overtime period - Shot Blocked by Ivan Provorov.
0:37 of 1st overtime period - Shot by Jonas Brodin.
0:37 of 1st overtime period - Shot Blocked by Ivan Provorov.
0:39 of 1st overtime period - Shot by Jamie Benn.
0:39 of 1st overtime period - Stopped by Mackenzie Blackwood without a rebound.
0:40 of 1st overtime period - Auston Matthews wins face-off versus Paul Stastny in Canadiens zone.
1:03 of 1st overtime period - Shot by Paul Stastny.
1:03 of 1st overtime period - Stopped by Mackenzie Blackwood without a rebound.
1:04 of 1st overtime period - Paul Stastny wins face-off versus Teuvo Teravainen in Canadiens zone.
1:21 of 1st overtime period - Shot by Teuvo Teravainen.
1:21 of 1st overtime period - Shot Misses the Net.
1:23 of 1st overtime period - Shot by Teuvo Teravainen.
1:23 of 1st overtime period - Stopped by Pavel Francouz with a rebound.
2:04 of 1st overtime period - Shot by Patrick Kane.
2:04 of 1st overtime period - Stopped by Pavel Francouz without a rebound.
2:05 of 1st overtime period - Auston Matthews wins face-off versus William Nylander in Flyers zone.
2:16 of 1st overtime period - Shot by Patrick Kane.
2:16 of 1st overtime period - Stopped by Pavel Francouz without a rebound.
2:17 of 1st overtime period - Auston Matthews wins face-off versus William Nylander in Flyers zone.
2:22 of 1st overtime period - Shot by Auston Matthews.
2:22 of 1st overtime period - Shot Blocked by Jonas Brodin.
2:24 of 1st overtime period - Shot by Patrick Kane.
2:24 of 1st overtime period - Stopped by Pavel Francouz without a rebound.
2:25 of 1st overtime period - William Nylander wins face-off versus Auston Matthews in Flyers zone.
2:46 of 1st overtime period - Shot by William Nylander.
2:46 of 1st overtime period - Stopped by Mackenzie Blackwood without a rebound.
2:47 of 1st overtime period - Jamie Benn wins face-off versus Teuvo Teravainen in Canadiens zone.
2:50 of 1st overtime period - Shot by Jakub Voracek.
2:50 of 1st overtime period - Shot Blocked by Jakob Silfverberg.
3:12 of 1st overtime period - Shot by Jakob Silfverberg.
3:12 of 1st overtime period - Deflect By Teuvo Teravainen.
3:12 of 1st overtime period - Stopped by Pavel Francouz without a rebound.
3:13 of 1st overtime period - Paul Stastny wins face-off versus Auston Matthews in Flyers zone.
3:32 of 1st overtime period - Shot by William Nylander.
3:32 of 1st overtime period - Shot Misses the Net.
4:45 of 1st overtime period - Icing by Jonas Brodin.
4:46 of 1st overtime period - Auston Matthews wins face-off versus Paul Stastny in Flyers zone.
Goals for this period are 0 for Flyers vs 0 for Canadiens.
Shots for this period are 3 for Flyers vs 5 for Canadiens.

ShootOut


5:00 of 1st overtime period - Round #1.
5:00 of 1st overtime period - Flyers, Brendan Gallagher.
5:00 of 1st overtime period - Stopped by Mackenzie Blackwood.
5:00 of 1st overtime period - Canadiens, Jakob Silfverberg.
5:00 of 1st overtime period - Stopped by Pavel Francouz.
5:00 of 1st overtime period - Round #2.
5:00 of 1st overtime period - Flyers, Tomas Tatar.
5:00 of 1st overtime period - Shot Misses the Net.
5:00 of 1st overtime period - Canadiens, Patrick Kane.
5:00 of 1st overtime period - Shot Misses the Net.
5:00 of 1st overtime period - Round #3.
5:00 of 1st overtime period - Flyers, Jamie Benn.
5:00 of 1st overtime period - Stopped by Mackenzie Blackwood.
5:00 of 1st overtime period - Canadiens, Ilya Kovalchuk.
5:00 of 1st overtime period - Goal by Ilya Kovalchuk.